[Event "Early-Titled-Tuesday-Blitz-October-10-2023"]
[Site "Chess.com"]
[Date "2023.10.10"]
[Round "2"]
[White "noblerone"]
[Black "cukin84"]
[Result "1-0"]
[WhiteElo "2471"]
[BlackElo "2195"]
[TimeControl "180+1"]
[EndTime "8:18:43 PDT"]
[Termination "noblerone won on time"]

1. d4 f5 2. Nf3 Nf6 3. Bf4 d6 4. e3 g6 5. h3 Bg7 6. c4 O-O 7. Nc3 Qe8 8. Bh2 Nh5 9. Be2 e5 10. dxe5 dxe5 11. Bxe5 Bxe5 12. Qd5+ Be6 13. Qxe5 Nc6 14.
Qb5 a6 15. Qxb7 Rb8 16. Qxc7 Rxb2 17. O-O Rf7 18. Qd6 Qd7 19. Qxd7 Rxd7 20. Rfd1 Rdb7 21.
Ng5 Ng7 22. Nxe6 Nxe6 23. Bf3 Rc7 24. Rd6 Ned8 25. Rad1 Kf8 26. Rxd8+ Nxd8 27. Rxd8+ Ke7 28. Rd4 Ke6 29. Bd5+ Ke5 30. f4+ Kf6 31. Rd1 Rc2 32. Rd3 g5 33. fxg5+ Kxg5 34. Kh2 h5 35. a4 Re7 36. c5 f4 37. exf4+ Kxf4 38. c6 Rg7 39. Bf3 Ke5 40. Rd7 Rg8 41. Ne2 Rc8 42. Ng1 h4 43. Rh7 Rc4 44. a5 Kd6 45. Rh6+ Kc7 46. Ne2 Rc5 47.
Rxh4 Rxa5 48. Nd4 Re5 49. Rh7+ Kb6 50. Rb7+ Kc5 51. Ne2 Re6 52. Rb1 a5 53. Nc3 Rexc6 54. Bxc6 Rxc6 55. Ne4+ Kd5 56. Nf2 a4 57. Ra1 Ra6 58. Nd3 Kd4 59. Nb4 Ra5 60. Nc6+ 1-0

[Event "Early-Titled-Tuesday-Blitz-October-10-2023"]
[Site "Chess.com"]
[Date "2023.10.10"]
[Round "2"]
[White "Riku-gan"]
[Black "BigAl"]
[Result "0-1"]
[WhiteElo "2837"]
[BlackElo "2600"]
[TimeControl "180+1"]
[EndTime "8:18:46 PDT"]
[Termination "BigAl won by resignation"]

1. Nc3 g6 2. d4 Bg7 3. e4 d6 4. f4 a6 5. Nf3 b5 6. Bd3 Nd7 7. a4 b4 8. Ne2 Bb7 9. O-O c5 10. c3 e6 11. Ng3 Ne7 12. Qe2 O-O 13. Kh1 a5 14. f5 exf5 15. exf5 Nf6 16. Bg5 bxc3 17.
bxc3 cxd4 18. cxd4 Ned5 19. Qd2 Qd7 20. Bh6 Rfe8 21.
Qg5 Bxh6 22. Qxh6 Ng4 23. Qh4 Nde3 24. h3 Nxf1 25. Rxf1 Ne3 26. Ng5 f6 27. N5e4 Bxe4 28. Nxe4 Rxe4 29. Bxe4 Nxf1 30. Bxa8 Qxf5 31. Kg1 Ne3 32. Qe1 Qd3 33. Bd5+ Kg7 34. Qxa5 Qxd4 35. Qc7+ Kh6 36. Qc1 g5 37. Bc6 Ng4+ 38. Kh1 Nf2+ 39. Kh2 Nd3 40. Qf1 Qe5+ 41. Kh1 Nf4 42. Bf3 d5 43. a5 d4 44. a6 Qa5 45. g3 Ng6 46. Qd3 Ne5 47. Qf1 d3 48. Be4 d2 49. Qxf6+ Kh5 50.
g4+ Kh4 51. Qh6+ Kg3 52. Bc2 Qa1+ 0-1

[Event "Early-Titled-Tuesday-Blitz-October-10-2023"]
[Site "Chess.com"]
[Date "2023.10.10"]
[Round "2"]
[White "borocotoajua"]
[Black "GMKrikor"]
[Result "0-1"]
[WhiteElo "2585"]
[BlackElo "2864"]
[TimeControl "180+1"]
[EndTime "8:18:47 PDT"]
[Termination "GMKrikor won by resignation"]

1. d4 Nf6 2. Nf3 g6 3. c4 Bg7 4.
g3 d5 5. cxd5 Nxd5 6. Bg2 Nb6 7.
O-O Nc6 8. e3 e5 9. Nc3 exd4 10.
exd4 O-O 11. Bg5 Qd7 12. Qb3 h6 13. Be3 Na5 14. Qc2 Nac4 15. Rad1 Nxe3 16. fxe3 Qe7 17.
Rfe1 Bf5 18. e4 Bg4 19. e5 Rad8 20. h3 Bxf3 21. Bxf3 c6 22. Qf2 h5 23. Re2 h4 24.
gxh4 Qb4 25. h5 Nc4 26. hxg6 fxg6 27. e6 Qe7 28. d5 Ne5 29. Rxe5 Bxe5 30. Qg2 Kg7 31.
Be4 Qf6 32. e7 Qxe7 33. Qxg6+ Kh8 34. Qh5+ Kg8 35. Rd2 Rf7 36. Rg2+ Kf8 37. Qh6+ Bg7 38. Qh5 Qf6 39. Bg6 Qf1+ 40. Kh2 Be5+ 41. Qxe5 Qf4+ 42.
Qxf4 Rxf4 43. dxc6 bxc6 44. Bc2 Ke7 45. Bb3 c5 46. Re2+ Kf8 47. Nd5 Rd4 48. Rf2+ Kg7 49.
Ne7 Rd2 50. Nf5+ Kf6 51. Rxd2 Rxd2+ 52. Kg3 Kxf5 53. h4 Rxb2 54. h5 Kg5 55. Bf7 Rb7 56.
Bg6 c4 57. Kf3 Rd7 58. Ke2 c3 59. Be4 Re7 60. Kd3 Rxe4 61. Kxe4 c2 0-1

[Event "Early-Titled-Tuesday-Blitz-October-10-2023"]
[Site "Chess.com"]
[Date "2023.10.10"]
[Round "2"]
[White "SashaKuzhilniy"]
[Black "MikeSailer"]
[Result "0-1"]
[WhiteElo "2628"]
[BlackElo "2143"]
[TimeControl "180+1"]
[EndTime "8:18:47 PDT"]
[Termination "MikeSailer won by resignation"]

1. b3 d5 2. Bb2 Nf6 3. Nf3 Bf5 4. d3 e6 5. Nbd2 c6 6. g3 Nbd7 7. Bg2 Be7 8. O-O O-O 9. Re1 h6 10. e4 Bh7 11. Qe2 a5 12. a4 Bb4 13. Red1 b5 14. e5 Ne8 15. Nd4 Qb6 16. N2f3 Nc7 17. axb5 cxb5 18. h4 a4 19. bxa4 Rxa4 20. Rab1 Ra2 21. Qe3 Bc5 22. Qf4 b4 23. h5 Nb5 24. Nxb5 Qxb5 25. Nd4 Bxd4 26. Qxd4 Nc5 27. Rdc1 Na4 28. Ba1 Rb8 29. Rb3 Nc5 30. Rb2 Rxb2 31. Bxb2 Na4 32.
Ba1 Rc8 33. Bf1 Nc3 34. Bxc3 bxc3 35. Qe3 Qb2 36. Qe1 Rb8 37. Be2 Bf5 38. f4 Bh7 39. g4 Rb4 40. Qf1 Kh8 41. Kh2 Bg8 42. Kg3 Bh7 43. Qg1 Bg8 44. Qh1 Bh7 45. Qe1 Bg8 46. Ra1 Qxc2 47. Rc1 Qb2 48. Rxc3 d4 49. Rc1 Ra4 50. Rd1 Ra2 51. Kf2 Bh7 52. Rb1 Qc2 53. Rb8+ Bg8 54. Qd1 Qxd1 0-1

[Event "Early-Titled-Tuesday-Blitz-October-10-2023"]
[Site "Chess.com"]
[Date "2023.10.10"]
[Round "2"]
[White "Vladimir_Zakhartsov"]
[Black "SanchezKelvin"]
[Result "1-0"]
[WhiteElo "2836"]
[BlackElo "2579"]
[TimeControl "180+1"]
[EndTime "8:18:48 PDT"]
[Termination "Vladimir_Zakhartsov won by resignation"]

1. d4 d5 2. c4 c6 3. Nf3 Nf6 4. Nc3 e6 5. Qd3 Bb4 6. a3 Ba5 7. b4 Bc7 8. Bg5 Nbd7 9. e4 dxe4 10. Nxe4 h6 11. Bh4 a5 12. Rb1 axb4 13. axb4 b5 14.
c5 g5 15. Bg3 Nd5 16. Nd6+ Bxd6 17. Bxd6 Ra4 18. Be2 Nxb4 19. Qd2 Nd5 20. O-O Qa5 21. Qd3 b4 22. Ne5 Nxe5 23. Bxe5 O-O 24. Qh3 Kh7 25. Bd3+ f5 26. f4 gxf4 27. Bc4 Ra3 28. Qh4 Qd8 29. Qxd8 Rxd8 30. Bxd5 Rxd5 31. Rxb4 Ba6 32. Rxf4 Ra1+ 33. Kf2 Rf1+ 34. Kg3 Rxf4 35. Kxf4 Bb5 36. Rb3 Rd7 37. Ra3 Bc4 38. Ra8 Kg6 39. Rf8 Kh5 40. Rf6 Ra7 41. h3 Be2 42. Rxe6 Ra2 43. Rxc6 Bd1 44.
Kxf5 Rxg2 45. Bf4 Bc2+ 46. Ke5 Re2+ 47. Kd6 Be4 48. Rc7 Rd2 49. Bxd2 Bg2 50. Re7 1-0

[Event "Early-Titled-Tuesday-Blitz-October-10-2023"]
[Site "Chess.com"]
[Date "2023.10.10"]
[Round "2"]
[White "remi04"]
[Black "jeetjain"]
[Result "1-0"]
[WhiteElo "2875"]
[BlackElo "2586"]
[TimeControl "180+1"]
[EndTime "8:18:49 PDT"]
[Termination "remi04 won by resignation"]

1. c4 c5 2. Nf3 Nc6 3. e3 Nf6 4. Nc3 d5 5. cxd5 Nxd5 6. Bb5 Nc7 7. Bxc6+ bxc6 8. Qa4 Bb7 9. O-O e6 10. d4 Nd5 11. Ne4 cxd4 12. Nxd4 Qb6 13. Bd2 Be7 14. Rfc1 Rc8 15. Rab1 O-O 16. b4 f5 17. Nc5 e5 18.
Nd7 exd4 19. Nxb6 axb6 20. exd4 Ra8 21. Qb3 b5 22. Re1 Bf6 23. Rbc1 Kh8 24. Re2 Bxd4 25. Rce1 f4 26. Qd3 Bf6 27. Bc1 Rad8 28. Qb3 Bc3 29. Rd1 Bf6 30. Bb2 Bxb2 31. Qxb2 Nc3 32. Rxd8 Nxe2+ 33. Qxe2 Rxd8 34. h3 Bc8 35. Qe7 Rg8 36. Qf7 h6 37. Qxf4 Be6 38. Qd6 Bd5 39.
a3 Re8 40. Qg3 Re1+ 41. Kh2 Re6 42. Qf4 Kh7 43. Qf5+ Kg8 44. g4 Rf6 45. Qc8+ Kh7 46. Kg1 Rf3 47. h4 Rxa3 48. g5 hxg5 49. hxg5 Kg6 50.
Qg4 Rf3 51. Qh4 Kf5 52. Qh5 g6 53. Qh6 Rf4 54. Kf1 Rg4 55. Qf8+ Kxg5 56. Qe7+ Kh6 57.
Qf7 Rxb4 58. Qf8+ Kg5 59. Qxb4 1-0

[Event "Early-Titled-Tuesday-Blitz-October-10-2023"]
[Site "Chess.com"]
[Date "2023.10.10"]
[Round "2"]
[White "marcodobrikov"]
[Black "vishwa_vijeta"]
[Result "1/2-1/2"]
[WhiteElo "2766"]
[BlackElo "2555"]
[TimeControl "180+1"]
[EndTime "8:18:50 PDT"]
[Termination "Game drawn by repetition"]

1. d4 Nf6 2. Nc3 d5 3. Bf4 c5 4.
e3 a6 5. f3 e6 6. g4 Nc6 7.
Nge2 cxd4 8. exd4 Bd6 9. Qd2 Bxf4 10. Nxf4 Qb6 11. O-O-O Bd7 12. g5 Ng8 13. h4 Nge7 14.
h5 Nf5 15. Bd3 Nfxd4 16. g6 fxg6 17. hxg6 h6 18. Nfxd5 Qa5 19. Qf4 Rf8 20. Nc7+ Ke7 21. Qh4+ Qg5+ 22. Qxg5+ hxg5 23. Nxa8 Rxa8 24. Rh7 Rg8 25. Ne4 Nxf3 26. Nc5 Be8 27. Be4 g4 28. Nxe6 Bxg6 29. Bxg6 Kxe6 30. Be4 Ke5 31. Bd5 Rd8 32.
c4 Ncd4 33. Rxg7 Kf4 34. Rd3 Re8 35. b4 Re1+ 36. Kb2 Re2+ 37. Ka3 b5 38. cxb5 axb5 39. Bxf3 Nxf3 40. Rd5 Re3+ 41. Kb2 Re2+ 42. Kb3 Re3+ 43. Kc2 Re2+ 44. Kd1 Re1+ 45. Kc2 Re2+ 46. Kc1 Re1+ 47. Kb2 Re2+ 48. Kc3 Re3+ 49. Rd3 Re4 50. Rd5 Re3+ 51. Rd3 Re4 52. Rd5 Re3+ 1/2-1/2

[Event "Early-Titled-Tuesday-Blitz-October-10-2023"]
[Site "Chess.com"]
[Date "2023.10.10"]
[Round "2"]
[White "secrethawk1"]
[Black "kacprekt"]
[Result "0-1"]
[WhiteElo "2205"]
[BlackElo "2474"]
[TimeControl "180+1"]
[EndTime "8:18:50 PDT"]
[Termination "kacprekt won on time"]

1. d4 d6 2. e4 Nf6 3. Nc3 g6 4. f4 Bg7 5. Nf3 O-O 6. Bd3 Na6 7. O-O c5 8. d5 Nb4 9. Bc4 Nd7 10. Qe2 a6 11. a3 b5 12. axb4 bxc4 13. Qxc4 Qb6 14. bxc5 Nxc5 15. Kh1 Bd7 16. Re1 Rfc8 17. Qe2 Bxc3 18.
bxc3 Na4 19. c4 Qb4 20. Nd2 Qc3 21. Ra2 a5 22. Qe3 Qxe3 23. Rxe3 Nb6 24. Rc3 Bb5 25. c5 dxc5 26. Ba3 Nd7 27. Rb2 Ba6 28. Re3 Kf8 29.
c4 a4 30. Re1 Rab8 31. Reb1 Rxb2 32. Rxb2 Rb8 33. e5 Rxb2 34. Bxb2 Nb6 35. Ba3 Nxc4 36. Nxc4 Bxc4 37. Bxc5 Bxd5 38. Kg1 Ke8 39. g3 Kd7 40. Kf2 Ke6 41. Ke3 f6 42. Kd4 fxe5+ 43. fxe5 Bb3 44. Ba3 h6 45. g4 g5 46. Ke4 Bd1 47. h3 Be2 48. Ke3 Bf1 49. h4 gxh4 50. Kf4 h3 51.
Kg3 Bg2 52. Bb2 Kd5 53. Ba3 e6 54. Bd6 Ke4 55. Bc7 Ke3 56. Bb6+ Ke2 0-1

[Event "Early-Titled-Tuesday-Blitz-October-10-2023"]
[Site "Chess.com"]
[Date "2023.10.10"]
[Round "2"]
[White "BardArtem"]
[Black "HajiyevKanan"]
[Result "1-0"]
[WhiteElo "2833"]
[BlackElo "2574"]
[TimeControl "180+1"]
[EndTime "8:18:51 PDT"]
[Termination "BardArtem won by checkmate"]

1. e4 c6 2. Nc3 d5 3. Qf3 Nf6 4. e5 Ng8 5. d4 g6 6. Be3 Bf5 7. O-O-O h5 8. h3 Bg7 9. g4 hxg4 10. hxg4 Rxh1 11. Qxh1 Bxg4 12. Qh7 Kf8 13. Be2 Qd7 14. Nf3 Qf5 15. Nh4 Qh5 16. Qxh5 Bxh5 17. Bxh5 gxh5 18. Rg1 e6 19. Ne2 c5 20. Ng3 cxd4 21. Bxd4 Nc6 22.
Bc5+ Nge7 23. f4 Ke8 24. Nxh5 Bh6 25. Kd1 Kd7 26. Ke2 Rg8 27. Rxg8 Nxg8 28. Kf3 b6 29. Bf2 Nb4 30. c3 Nxa2 31. Be3 d4 32. Bxd4 Nc1 33. Ke4 Nb3 34. Be3 Nc5+ 35. Bxc5 bxc5 36. Ng2 Kc6 37.
Ne3 Kb5 38. b3 a5 39. Nc4 a4 40. Nd6+ Ka5 41. bxa4 Kxa4 42. Nxf7 Bf8 43. Nd8 Kb3 44.
Nxe6 Be7 45. Kd3 c4+ 46. Kd4 Ba3 47. f5 Nh6 48. f6 Nf5+ 49. Ke4 Nh4 50. Nd4+ Kxc3 51.
e6 Bc5 52. e7 Ng6 53. e8=Q Bxd4 54. Qxg6 Bc5 55. Qg3+ Kb4 56. Nf4 c3 57. Nd5+ Kc4 58. Qxc3+ Kb5 59. Qb3+ Kc6 60. f7 Bd6 61. Qb6+ Kd7 62.
Qb7+ Ke6 63. Nf4+ Bxf4 64. f8=Q Bd6 65. Qf5# 1-0

[Event "Early-Titled-Tuesday-Blitz-October-10-2023"]
[Site "Chess.com"]
[Date "2023.10.10"]
[Round "2"]
[White "Tonychess32"]
[Black "Artemiki"]
[Result "1/2-1/2"]
[WhiteElo "2497"]
[BlackElo "2268"]
[TimeControl "180+1"]
[EndTime "8:18:51 PDT"]
[Termination "Game drawn by repetition"]

1. e4 e5 2. Bc4 c6 3. d3 d5 4. Bb3 Nf6 5. Nf3 Bd6 6. O-O O-O 7.
Nbd2 h6 8. Re1 Re8 9. c3 a5 10. a4 Nbd7 11. Bc2 Nc5 12. h3 dxe4 13. dxe4 Be6 14.
Nf1 Qc7 15. Ng3 Rad8 16. Qe2 Rd7 17. Be3 Red8 18. Nh4 Bf8 19. Rad1 Qb6 20. Bc1 Bb3 21.
Be3 Bxc2 22. Qxc2 Qb3 23. Qxb3 Nxb3 24. Rxd7 Rxd7 25. Nf3 Bd6 26. Kf1 Bc7 27. Ke2 b5 28. axb5 cxb5 29. Rd1 a4 30. Rxd7 Nxd7 31. Nd2 Nc1+ 32.
Kd1 Nd3 33. Kc2 N3c5 34. Ne2 f6 35. Nc1 Kf7 36. Nd3 Bd6 37. Nb4 Ke6 38. f3 Nb6 39. Nd3 Nbd7 40. Nxc5+ Bxc5 41. Bxc5 Nxc5 42. Nb1 Kd6 43.
Na3 Kc6 44. Nb1 Nb3 45. Nd2 Nxd2 46. Kxd2 Kc5 47. Kd3 g6 48. g3 h5 49. h4 g5 50.
Kd2 gxh4 51. gxh4 Kc4 52. Kc2 b4 53. cxb4 Kxb4 54. Kc1 Kb3 55. Kb1 a3 56. bxa3 Kxa3 57. Kc2 Kb4 58. Kb2 Kc4 59. Kc2 Kd4 60. Kd2 Kc4 61.
Kc2 Kd4 62. Kd2 Kc4 63. Kc2 1/2-1/2

[Event "Early-Titled-Tuesday-Blitz-October-10-2023"]
[Site "Chess.com"]
[Date "2023.10.10"]
[Round "2"]
[White "JesseFebruary"]
[Black "Casper"]
[Result "0-1"]
[WhiteElo "2066"]
[BlackElo "2432"]
[TimeControl "180+1"]
[EndTime "8:18:51 PDT"]
[Termination "Casper won on time"]

1. e4 c5 2. Nf3 d6 3. d4 Nf6 4. Nc3 cxd4 5. Nxd4 Nc6 6. Be3 e5 7. Nde2 Be7 8. g3 O-O 9. Bg2 Ng4 10. Bc1 f5 11.
O-O Bg5 12. Qd5+ Kh8 13. Bxg5 Qxg5 14. Rad1 Rf6 15. h4 Qg6 16. exf5 Bxf5 17. Ne4 Re6 18. Nxd6 Rd8 19. Qb5 Rexd6 20. Rxd6 Qxd6 21. Qxb7 Nd4 22. Nc3 a5 23. Qa7 Qb4 24. Rd1 Ne2+ 25. Nxe2 Rxd1+ 26.
Bf1 h6 27. Qa8+ Kh7 28. Qf3 Qe4 29. Qxe4 Bxe4 30. Nc3 Re1 31. Nxe4 Rxe4 32. Bd3 Nf6 33. f3 Kg6 34. fxe4 Kh5 35. Kf2 Kg4 36. Be2+ Kh3 37. Kf3 g5 38. Bf1+ Kh2 39. hxg5 hxg5 40. g4 Nd7 41. c4 Nc5 42. b3 Ne6 43. Be2 Nd4+ 44. Ke3 Nc2+ 45. Kd2 Nd4 46. c5 Kg3 47. Kd3 Kf4 48. a3 Nxb3 49. c6 Nc5+ 50. Kc4 Nxe4 51. c7 Nd6+ 52. Kd5 Nc8 53. Ba6 Na7 54. c8=Q Nxc8 55.
Bxc8 e4 56. Kd4 e3 57. Kd3 Kf3 58. Bb7+ Kf2 59. Bg2 e2 0-1

[Event "Early-Titled-Tuesday-Blitz-October-10-2023"]
[Site "Chess.com"]
[Date "2023.10.10"]
[Round "2"]
[White "Daniel_Salinas"]
[Black "Dannyyi"]
[Result "1-0"]
[WhiteElo "2427"]
[BlackElo "2019"]
[TimeControl "180+1"]
[EndTime "8:18:51 PDT"]
[Termination "Daniel_Salinas won by checkmate"]

1. e4 e5 2. Nf3 Nc6 3. Nc3 Nf6 4. Bb5 Nd4 5. Bc4 Bc5 6. d3 d6 7. Be3 Bg4 8. Bxd4 Bxd4 9. h3 Bxf3 10. Qxf3 O-O 11.
Ne2 Bxb2 12. Rb1 Ba3 13. Rxb7 Bc5 14. Rb1 Rb8 15. Rxb8 Qxb8 16. O-O Qb2 17. Bb3 a5 18. a4 Rb8 19. Ng3 c6 20. Nf5 d5 21. exd5 cxd5 22. Bxd5 Nxd5 23. Qxd5 Bf8 24. c4 g6 25. Ne3 Qc3 26.
Qe4 Rb3 27. Rd1 Bc5 28. Nd5 Qc2 29. Rf1 Bd4 30. Ne7+ Kf8 31. Nc6 Qxd3 32. Qh4 Kg7 33. Qe7 Rb1 34. Rxb1 Qxb1+ 35. Kh2 Qe4 36. Nxd4 Qxd4 37.
Kg1 Qf4 38. g3 Qc1+ 39. Kg2 Qc3 40. c5 Qd4 41. c6 Qe4+ 42. Kh2 Qxc6 43. Qxe5+ Kh6 44.
Qxa5 Qc2 45. Kg1 Qd1+ 46. Kg2 Qc2 47. Qb5 Qe4+ 48. Kh2 Qf3 49. Kg1 Qd1+ 50. Kg2 Qc2 51. a5 Qe4+ 52. Kh2 Qf3 53. Kg1 Qd1+ 54. Kg2 Qa1 55.
a6 f5 56. Qb7 f4 57. a7 Qa3 58. a8=Q f3+ 59. Qxf3 Qc1 60. Qf4+ Qxf4 61. gxf4 Kg7 62.
Qf3 Kh6 63. f5 gxf5 64. Qxf5 Kg7 65. Qe6 Kf8 66. Qd7 Kg8 67. Kf3 h6 68. Kf4 h5 69.
Kf5 h4 70. Kf6 Kh8 71. Qg7# 1-0

[Event "Early-Titled-Tuesday-Blitz-October-10-2023"]
[Site "Chess.com"]
[Date "2023.10.10"]
[Round "2"]
[White "GeorgiosSouleidis"]
[Black "Firouzja2003"]
[Result "1-0"]
[WhiteElo "2650"]
[BlackElo "3076"]
[TimeControl "180+1"]
[EndTime "8:18:54 PDT"]
[Termination "GeorgiosSouleidis won by resignation"]

1. e4 c5 2. Be2 e6 3. d3 Nc6 4. f4 d5 5. Nf3 Nf6 6. e5 Nd7 7. O-O Be7 8. c4 O-O 9. Nc3 Nb6 10. a4 dxc4 11. dxc4 Na5 12. b3 Qxd1 13. Bxd1 Rd8 14. Bc2 Bd7 15. Be3 Bc6 16. Kf2 f5 17. Rfd1 h6 18.
Rxd8+ Rxd8 19. Rd1 Ra8 20. Nb5 Bxb5 21. axb5 a6 22.
bxa6 Rxa6 23. Ra1 Nc8 24. Bd2 Bd8 25. Bc3 Ne7 26. Ne1 Nec6 27. Nd3 Be7 28. Ke3 b6 29. g3 g5 30. Bd1 g4 31. Bc2 h5 32. Bd1 Ra7 33. Bc2 Kf7 34. Nb2 Nd4 35. Bd1 h4 36. b4 Nac6 37. Rxa7 Nxa7 38. b5 Nc8 39. Nd3 Bd8 40.
Nf2 Ne7 41. Bxd4 cxd4+ 42. Kxd4 Ng6 43. Nd3 Be7 44. c5 bxc5+ 45. Nxc5 Bd8 46. Na4 Ba5 47. b6 Ne7 48. b7 Nc6+ 49. Kc5 Nb8 50. Kd6 h3 51.
Nc5 Be1 52. Nd7 Na6 53. Be2 Bxg3 54. Bxa6 Bxh2 55. b8=Q Bxf4 56. Qf8+ Kg6 57. Qf6+ Kh5 58. Qxe6 Kh4 59. Qxf5 Bg5 60. Nf6 Bxf6 61. Qxf6+ Kg3 62. Be2 h2 63. Qh6 Kg2 64. Bxg4 1-0

[Event "Early-Titled-Tuesday-Blitz-October-10-2023"]
[Site "Chess.com"]
[Date "2023.10.10"]
[Round "2"]
[White "Smiechu"]
[Black "Evandro_Barbosa"]
[Result "1/2-1/2"]
[WhiteElo "2482"]
[BlackElo "2706"]
[TimeControl "180+1"]
[EndTime "8:18:55 PDT"]
[Termination "Game drawn - insufficient material"]

1. e4 c5 2. Nf3 e6 3. d4 cxd4 4.
Nxd4 Nc6 5. Nc3 d6 6. Be3 Nf6 7. Bd3 Be7 8. O-O O-O 9. f4 Bd7 10. Qf3 a6 11. Rae1 Qc7 12. Nxc6 Bxc6 13. Qh3 g6 14. f5 gxf5 15. Bh6 Kh8 16. exf5 e5 17. Bxf8 Rxf8 18. Ne4 Bxe4 19. Bxe4 d5 20. Bxd5 Qc5+ 21. Kh1 Qxd5 22. Rd1 Qc6 23. Rfe1 e4 24. Qg3 Rg8 25. Qe5 Qxc2 26. g3 Qc5 27. Rxe4 Qc6 28. Re1 Bc5 29. b4 Bb6 30. a4 Re8 31. b5 axb5 32. axb5 Rxe5 33. bxc6 Rxe4 34. Rb1 bxc6 35. Rxb6 Rc4 36. Kg2 Kg7 37. Kf3 Nd5 38. Rb7 h5 39. h3 Nf6 40.
Rc7 c5 41. Rc6 Rc3+ 42. Kf4 c4 43. g4 hxg4 44. hxg4 Nd5+ 45. Kg5 f6+ 46. Kh4 Rc1 47. Rc5 Ne3 48. Rc7+ Kf8 49. Kh5 c3 50. g5 fxg5 51. Kg6 Nd5 52. Rc5 Rd1 53. f6 Nxf6 54. Kxf6 Rf1+ 55.
Kxg5 Rf3 56. Kg4 Rd3 57. Kf4 Ke7 58. Ke4 Rh3 59. Kd4 Kd6 60. Rxc3 Rh4+ 61. Kd3 Kd5 62. Kd2 Rh2+ 63. Kd3 Rh3+ 64. Kd2 Rxc3 65. Kxc3 1/2-1/2

[Event "Early-Titled-Tuesday-Blitz-October-10-2023"]
[Site "Chess.com"]
[Date "2023.10.10"]
[Round "2"]
[White "Mr_Lion22"]
[Black "DeTimmerman"]
[Result "0-1"]
[WhiteElo "2517"]
[BlackElo "2722"]
[TimeControl "180+1"]
[EndTime "8:18:56 PDT"]
[Termination "DeTimmerman won on time"]

1. d4 Nf6 2. c4 e6 3. Nc3 Bb4 4. e3 Ne4 5. Qc2 f5 6. Bd3 O-O 7. Bxe4 fxe4 8. Qxe4 d5 9. Qd3 b6 10. Nf3 Ba6 11. Ne5 Nd7 12. Nc6 Bxc3+ 13. Qxc3 Qf6 14. f4 Bxc4 15. b3 Bb5 16. Ba3 Rf7 17. O-O-O a5 18. g4 Re8 19. h4 Qg6 20. Rdg1 Qe4 21. Rh3 Qd3 22. Qxd3 Bxd3 23. Kd2 Bb5 24. Rc1 Bxc6 25. Rxc6 Nb8 26. Rc2 Rd7 27. Kd3 c6 28. Rh1 g6 29.
Rhc1 h5 30. gxh5 gxh5 31. Rg2+ Rg7 32. Rcg1 Rxg2 33. Rxg2+ Kf7 34. Bd6 Nd7 35. Rg5 Rh8 36. Be5 Rh7 37. e4 Nxe5+ 38. fxe5 Rh8 39. exd5 cxd5 40.
Rg2 Rc8 41. Rf2+ Ke7 42. Rg2 Rc1 43. Rg7+ Ke8 44. Rb7 Rh1 45. Rxb6 Kd7 46. Rb7+ Kd8 47. Ra7 Rh3+ 48. Kc2 Rxh4 49. Rxa5 Rxd4 50. Ra6 Kd7 51. Rd6+ Ke7 52. a4 Re4 53. a5 Rxe5 54. Rb6 Re2+ 55. Kd3 Ra2 56. b4 h4 57. Rb8 h3 58.
Rh8 h2 59. Kd4 Kd6 60. Rd8+ Kc6 61. Rh8 Rb2 62. Ke5 Rxb4 63. Kxe6 Re4+ 64. Kf5 Re2 65. Kf4 Kb5 66. Kg3 Kxa5 67. Rh5 Rd2 68. Kf3 Kb4 69.
Ke3 Kc3 70. Rh7 d4+ 71. Ke4 Re2+ 72. Kf3 d3 73. Rc7+ Kd2 74. Rh7 Kd1 75. Rh6 Ke1 76. Rh5 d2 0-1

[Event "Early-Titled-Tuesday-Blitz-October-10-2023"]
[Site "Chess.com"]
[Date "2023.10.10"]
[Round "2"]
[White "Elprofessor21"]
[Black "FoxOnTheRun97"]
[Result "1-0"]
[WhiteElo "2780"]
[BlackElo "2549"]
[TimeControl "180+1"]
[EndTime "8:18:57 PDT"]
[Termination "Elprofessor21 won by resignation"]

1. Nc3 c6 2. e4 d5 3. d3 Nf6 4. e5 Nfd7 5. d4 e6 6. f4 c5 7. Nf3 Nc6 8. Be3 cxd4 9. Nxd4 Nxd4 10. Bxd4 a6 11. Qd2 Bc5 12. O-O-O Bxd4 13. Qxd4 Qb6 14.
Qd2 h5 15. Bd3 g6 16. Kb1 Nc5 17. Rhe1 Bd7 18. Bf1 Bb5 19. Nxb5 axb5 20. Qb4 O-O 21. Qxb5 Qc7 22. f5 Ra5 23. Qb4 exf5 24. Rxd5 Rfa8 25. a3 Ne4 26. Red1 Ra4 27. Qb3 Nc5 28. Qc3 b6 29. e6 Nxe6 30. Qf6 Rc8 31. Bd3 Ra5 32.
Rxa5 bxa5 33. g3 Nc5 34. Bc4 Ne6 35. Bxe6 Qxc2+ 36. Ka2 fxe6 37. Qxe6+ Kh8 38. Qf6+ Kg8 39. Qxg6+ Kf8 40. Qh6+ Kg8 41. Qg5+ Kf8 42. Qf6+ Kg8 43.
Qe6+ Kf8 44. Rd7 Qc4+ 45. Qxc4 Rxc4 46. Rh7 Rc2 47. Rxh5 Rf2 48. h3 a4 49. g4 fxg4 50.
hxg4 Rg2 51. Rh4 Ke7 52. g5 Rxg5 53. Rxa4 Kd6 54. Rc4 Kd5 55. Rc8 Kd6 56. b4 Rg3 57. Kb2 Kd7 58. Rc3 Rg1 59. Kb3 Kd6 60. Ka4 Rb1 61. Ka5 Kd5 62. b5 Ra1 63. a4 Ra2 64. b6 Kd6 65. b7 Rb2 66. Ka6 Rb4 67. a5 Kd7 68. Ka7 Rb5 69. a6 1-0

[Event "Early-Titled-Tuesday-Blitz-October-10-2023"]
[Site "Chess.com"]
[Date "2023.10.10"]
[Round "2"]
[White "secretsuperstar7"]
[Black "Blackwhite017"]
[Result "0-1"]
[WhiteElo "2410"]
[BlackElo "2023"]
[TimeControl "180+1"]
[EndTime "8:18:58 PDT"]
[Termination "Blackwhite017 won on time"]

1. c4 c6 2. Nc3 d5 3. e3 Nf6 4. Nf3 g6 5. b3 Bg7 6. Bb2 O-O 7. Be2 Bg4 8. O-O Bxf3 9. Bxf3 e6 10. d4 Nbd7 11. Qc2 Re8 12. Rad1 a6 13. e4 dxe4 14.
Nxe4 Nxe4 15. Bxe4 Rc8 16. b4 Qe7 17. a3 b5 18.
Rfe1 Nb6 19. Bd3 Red8 20. d5 Bxb2 21. d6 Rxd6 22. c5 Rd7 23. cxb6 Bxa3 24. Ra1 Bxb4 25.
Re4 a5 26. Bxb5 Rb7 27. Ba6 Rcb8 28. Bxb7 Rxb7 29. Qxc6 Rb8 30. Rd1 Qb7 31. Rc4 Qxb6 32. h3 h5 33. Qf3 Qb7 34. Qf6 Qb5 35. Rf4 Qb7 36. Rf3 Qe7 37. Qf4 Rd8 38. Rc1 Rd7 39. Rb1 Rd8 40. Rg3 Rd7 41. Rf3 Rd8 42. Qe4 Qd6 43.
Qe2 Qd5 44. Rg3 Qd6 45. Rf3 Kg7 46. Rf1 Qd5 47. Rg3 a4 48. Kh1 a3 49. Qc2 Be7 50.
Qb1 a2 51. Qb2+ Bf6 52. Qa3 Rb8 53. Rf3 Rb1 54. Rxf6 Rxf1+ 55. Kh2 Qe5+ 56. f4 Qxf6 57. Qxa2 Qxf4+ 58. g3 Qf2+ 0-1

[Event "Early-Titled-Tuesday-Blitz-October-10-2023"]
[Site "Chess.com"]
[Date "2023.10.10"]
[Round "2"]
[White "ilm2034"]
[Black "MikaelyanArman"]
[Result "1-0"]
[WhiteElo "2601"]
[BlackElo "2819"]
[TimeControl "180+1"]
[EndTime "8:19:00 PDT"]
[Termination "ilm2034 won by resignation"]

1. e4 e5 2. Nf3 Nc6 3. Nc3 Nf6 4.
g3 Bc5 5. Bg2 d6 6. O-O a5 7. d3 a4 8. a3 h6 9. Be3 O-O 10. Qd2 Bxe3 11. Qxe3 Bg4 12. Ne2 Qd7 13. c3 Rfe8 14. Rfe1 Bh3 15. Rad1 Bxg2 16. Kxg2 d5 17. Nh4 d4 18. cxd4 exd4 19. Qd2 Ne5 20. Rc1 b6 21. Nf5 c5 22. h3 g6 23. Qxh6 gxf5 24. Qxf6 fxe4 25. Nf4 Qc6 26. Qxc6 Nxc6 27. dxe4 Ne5 28.
Nd5 Kg7 29. Re2 Rab8 30. f4 Nc6 31. Kf3 Na5 32. g4 Nb3 33. Rg1 d3 34. Rh2 Rbd8 35. f5 Nd4+ 36. Kf4 f6 37. h4 Ne2+ 38. Rxe2 dxe2 39.
Re1 c4 40. g5 b5 41. gxf6+ Kf7 42. Kf3 Rxd5 43. exd5 b4 44. axb4 c3 45. bxc3 a3 46.
d6 a2 47. d7 Rd8 48. Kxe2 Rxd7 49. Ra1 Ra7 50. Kd3 Kxf6 51. b5 Kxf5 52. c4 Ke5 53. h5 Ra3+ 54. Kc2 Kd4 55. Kb2 Rh3 56. b6 Kxc4 57. Kxa2 Rh2+ 58. Ka3 Rh3+ 59. Ka4 Rxh5 60. b7 Rh8 61. Rc1+ Kd5 62. Rc8 Rh4+ 63. Ka5 Rh1 64. b8=Q Ra1+ 65. Kb6 Rb1+ 66. Kc7 Rc1+ 67. Kd7 Rd1 68. Qd6+ Ke4 69. Qxd1 1-0

[Event "Early-Titled-Tuesday-Blitz-October-10-2023"]
[Site "Chess.com"]
[Date "2023.10.10"]
[Round "2"]
[White "K_A_S_T_O_R"]
[Black "JiaHaoxiang"]
[Result "1-0"]
[WhiteElo "2884"]
[BlackElo "2591"]
[TimeControl "180+1"]
[EndTime "8:19:02 PDT"]
[Termination "K_A_S_T_O_R won by resignation"]

1. e4 c5 2. Nf3 d6 3. d4 cxd4 4.
Nxd4 Nf6 5. Nc3 g6 6. Be2 Bg7 7. O-O O-O 8. Bg5 Nc6 9. Nb3 Be6 10. Qd2 a6 11. Bh6 b5 12. Bxg7 Kxg7 13. a3 d5 14. exd5 Bxd5 15. Nxd5 Qxd5 16. Qc3 Rac8 17. Bf3 Qe5 18.
Rfd1 Qxc3 19. bxc3 Ne5 20. Bb7 Rxc3 21. Bxa6 Rxc2 22.
Bxb5 Rb8 23. Nd4 Rb2 24. a4 Ne4 25. Re1 f5 26. f3 Rd2 27. Ne6+ Kf6 28. Nc7 Nc3 29. Ne8+ Kf7 30. Nc7 Nxb5 31. axb5 Nd3 32. Red1 Rxd1+ 33. Rxd1 Nc5 34. Rb1 Na4 35. Nd5 Ke6 36.
Nf4+ Ke5 37. Nd3+ Kd4 38. Ne1 Kc5 39. Nd3+ Kd4 40. Nf4 e5 41. Rb4+ Kc5 42. Nd3+ Kd5 43. Rxa4 Rxb5 44. Kf2 Rb3 45. Ke2 e4 46. fxe4+ fxe4 47.
Ne1 Rb2+ 48. Kf1 Rb1 49. Ra3 Ke5 50. Ra2 Kf4 51. Rf2+ Ke5 52. Re2 Kf4 53. g3+ Ke5 54. Kf2 Kd4 55. Nc2+ Kd3 56. Ne3 Rb5 57. Ng2 Rf5+ 58.
Nf4+ Kd4 59. Rd2+ Kc3 60. Ke3 Ra5 61. Ne2+ Kc4 62. Rd4+ Kc5 63. Rxe4 Ra3+ 64. Kf2 Kd5 65. Re3 Ra2 66. h4 h5 67. Kf3 Kd6 68. Nf4 1-0